Map: Neon Violet Square LE

Players

Maru

  • Race: Terran Terran
  • Spawn Location: 11:00

TYTY (TY) - Winner!

  • Race: Terran Terran
  • League: Diamond
  • Spawn Location: 5:00

Event: IEM Season 12 - Katowice

VOD

https://www.youtube.com/results?search_query=StarCraft+II+-+Maru+%5BT%5D+vs.+TY+%5BT%5D+-+Ro24+-+Group+A+-+IEM+Katowice+2018+

Description

Time

  • Played on: March 1, 2018, 9:17 a.m.
  • Length: 5:09

All games in this series

Show
View Real Time Build Order
Export as new Build Order

Maru Terran 

Build Orders: 1/1/1 

Get SALT Encoding   

  12  0:00  SCV  
  13  0:12  SCV  
  14  0:18  Supply Depot  
  14  0:24  SCV  
  15  0:40  SCV  
  16  0:43  Barracks  
  16  0:47  Refinery  
  16  0:52  SCV  
  17  0:57  Refinery  
  18  1:04  SCV  
  18  1:16  SCV  
  19  1:30  Marine  
  19  1:31  Orbital Command  
  20  1:35  Factory  
  20  1:44  Supply Depot  
  20  1:49  Barracks Reactor  
  20  1:56  SCV  
  21  2:08  SCV  
  22  2:19  Starport, Factory Tech Lab  
  22  2:21  Supply Depot  
  22  2:25  Marine  
  22  2:26  Marine  
  22  2:29  SCV  
  25  2:38  Siege Tank  
  28  2:45  Marine x2  
  30  2:54  Supply Depot  
  30  2:56  Medivac  
  32  3:00  SCV  
  32  3:03  Marine  
  34  3:05  Marine  
  35  3:15  Siege Tank  
  38  3:27  Viking, Marine  
  38  3:29  Marine  
  42  3:36  SCV  
  40  3:45  Marine  
  39  3:48  Siege Tank  
  39  3:50  Marine  
  43  4:03  Marine  
  43  4:07  Viking  
  43  4:08  Marine  
  47  4:13  Supply Depot  
  46  4:21  Marine  
Show
View Real Time Build Order
Export as new Build Order

TYTY Terran - Winner!

Build Orders: Cyclone Opening, Gas First Reaper Expand, Reaper Expand 

Get SALT Encoding   

  12  0:00  SCV  
  13  0:12  SCV  
  14  0:19  Supply Depot  
  14  0:24  SCV  
  15  0:30  Refinery  
  15  0:41  SCV  
  16  0:44  Barracks  
  16  0:53  SCV  
  17  1:05  SCV  
  18  1:17  SCV  
  19  1:31  Reaper  
  19  1:32  Orbital Command  
  20  1:47  Command Center  
  20  1:58  Supply Depot  
  20  1:59  SCV  
  20  2:00  Bunker  
  21  2:02  Factory  
  21  2:03  Marine  
  22  2:10  Refinery  
  22  2:11  SCV  
  23  2:21  Marine  
  24  2:26  SCV  
  25  2:39  SCV, Marine  
  27  2:47  Starport  
  27  2:49  Supply Depot  
  27  2:50  Cyclone  
  31  3:05  Marine  
  31  3:06  Supply Depot  
  31  3:08  Liberator  
  32  3:22  Marine  
  35  3:27  Factory Tech Lab  
  35  3:28  Bunker  
  35  3:29  SCV  
  35  3:40  Marine  
  36  3:47  Supply Depot  
  36  3:51  Siege Tank  
  38  3:58  SCV, Marine  
  40  4:06  Supply Depot  
  39  4:16  Starport Tech Lab, Marine  
  40  4:23  Siege Tank  
  39  4:34  Marine  
  38  4:46  SCV  

Tags
 
Add a new tag
Caveats
  • Supply blocks, unpowered buildings, or Contaminate may cause inaccurate times.
  • Supply counts are checked every 10 seconds.